 Dungeon Crawl Stone Soup version 5.2-4-g6121e92 (webtiles) character file.

89 jerkstore the Charmwright (level 5, -4/34 HPs)
             Began as a Skeleton Skald on Nov 14, 2017.
             Was an Initiate of Gozag.
             Slain by an ogre
             ... wielding a +0 giant club
              (13 damage)
             ... on level 4 of the Dungeon.
             The game lasted 00:03:57 (2964 turns).

jerkstore the Charmwright (Skeleton Skald)          Turns: 2964, Time: 00:03:57

Health: -4/34      AC:  7 (24%)Str: 14  XL:     5   Next: 99%
Magic:  3/5        EV: 12    Int: 11    God:    Gozag
Gold:   142        SH:  0    Dex: 11    Spells: 2/9 levels left

rFire    . . .     SeeInvis +   b - +2 dagger (venom)
rCold    + . .     Faith    .   (no shield)
rNeg     + + +     Spirit   .   d - +0 steam dragon scales
rPois    ∞         Reflect  .   (no helmet)
rElec    .                      e - +0 cloak
rCorr    .                      c - +0 pair of gloves
MR       .....                  (no boots)
Stlth    +.........             (no amulet)
Regen    0.2/turn               f - ring of see invisible
MPRegen  0.2/turn               (no ring)

@: no status effects
A: spooky, fear immunity, bone armour, cold resistance 1, negative energy
resistance 3, torment resistance, unbreathing
a: Stop Singing, End Infusion, Potion Petition, Call Merchant, Bribe Branch,
Renounce Religion


You were on level 4 of the Dungeon.
You worshipped Gozag.
Gozag was aware of your devotion.
You were not hungry.

You visited 1 branch of the dungeon, and saw 4 of its levels.

You collected 174 gold pieces.
You paid 32 gold pieces to Gozag.

Inventory:

Hand Weapons
 a - a +3 rapier
 b - a +2 dagger of venom (weapon)
Armour
 c - a +0 pair of gloves (worn)
 d - +0 steam dragon scales (worn)
 e - a +0 cloak (worn)
Jewellery
 f - a ring of see invisible (left hand)
Scrolls
 h - a scroll of amnesia
Potions
 g - a potion of resistance
 i - a potion of haste
 j - a potion of ambrosia


   Skills:
 + Level 2.1 Fighting
 * Level 3.0 Blades
 + Level 1.7 Armour
 * Level 2.4 Dodging
 + Level 2.6 Spellcasting
 * Level 3.8 Charms
 + Level 0.6 Ice Magic


You had 2 spell levels left.
You knew the following spells:

 Your Spells              Type           Power        Failure   Level  Hunger
F - Infusion              Chrm           9 (25)       6%          1    N/A
R - Ozocubu's Armour      Chrm/Ice       6 (100)      73%         4    N/A
S - Song of Slaying       Chrm           9 (100)      9%          2    N/A

Dungeon Overview and Level Annotations

Branches:
Dungeon (4/15)

Altars:
Gozag
Jiyva
Makhleb
Vehumet
The Shining One


Innate Abilities, Weirdness & Mutations

You are spooky and scary.
You do not feel fear.
You gain temporary bone armour from killing.
You are immune to poison.
Your flesh is cold resistant. (rC+)
You are immune to negative energy. (rN+++)
You are immune to unholy pain and torment.
You can survive without breathing.


Message History

Search for what [Enter for "."]? ./ Can't find anything matching that.
Search for what [Enter for "./", or ? for help]? .
There is a stone staircase leading down here.
You climb downwards.
An ogre comes into view. It is wielding a +0 giant club.
Found a stone staircase leading down.
The ogre shouts!
Okay, then.
You completely miss the ogre. You hit the ogre (7)!
The ogre is moderately wounded.
The ogre hits you with a +0 giant club (25)!!
Ouch! That really hurt!
* * * LOW HITPOINT WARNING * * *
You hit the ogre (4).
The ogre is poisoned.
The ogre is heavily wounded.
The ogre hits you with a +0 giant club (13)!
You die...
Your body crumbles into a pile of gold.

# . #.
#.#+#####
#...#...
#..#.####...
#..@O.......
##>#.#######
#.#...
#.##### #.
#. #. #.


You could see an ogre.

Vanquished Creatures
  An orc wizard (D:3)
  4 worker ants (D:3)
  3 adders (D:2)
  2 dart slugs
  4 orcs (D:3)
  5 quokkas
  3 giant cockroaches
  7 goblins
  6 hobgoblins
  5 jackals (D:3)
  8 bats
  2 frilled lizards
  6 kobolds
  4 rats
60 creatures vanquished.

Notes
Turn   | Place    | Note
-------+----------+-------------------------------------------
     0 | D:1      | jerkstore the Skeleton Skald began the quest for the Orb.
     0 | D:1      | Reached XP level 1. HP: 14/14 MP: 3/3
    52 | D:1      | Reached skill level 1 in Dodging
    73 | D:1      | Reached skill level 1 in Armour
   121 | D:1      | Reached XP level 2. HP: 19/19 MP: 4/4
   820 | D:2      | Reached XP level 3. HP: 22/24 MP: 1/5
  1125 | D:2      | Found a glowing golden altar of the Shining One.
  1450 | D:2      | Found a radiant altar of Vehumet.
  1761 | D:2      | Reached XP level 4. HP: 24/29 MP: 2/6
  1983 | D:3      | Found a viscous altar of Jiyva.
  2026 | D:3      | Reached XP level 5. HP: 33/34 MP: 3/7
  2037 | D:3      | Learned a level 2 spell: Song of Slaying
  2042 | D:3      | Learned a level 4 spell: Ozocubu's Armour
  2044 | D:3      | Found a faded altar of an unknown god.
  2208 | D:3      | Found an opulent altar of Gozag.
  2219 | D:3      | Became a worshipper of Gozag Ym Sagoz the Greedy
  2427 | D:3      | Found a burning altar of Makhleb.
  2427 | D:3      | Noticed a balrug
  2430 | D:3      | Noticed an orange demon
  2430 | D:3      | Noticed an orange demon
  2955 | D:4      | Noticed an ogre
  2964 | D:4      | Slain by an ogre

Skill      XL: |  1  2  3  4  5 |
---------------+----------------+-----
Dodging        | 1 2 |  2.4
Armour         | 1 |  1.7
Charms         | 3 |  3.8
Fighting       | 2 |  2.1
Blades         | 3 |  3.0
Spellcasting   | |  2.6
Ice Magic      | |  0.6

Action                   |  1- 3 |  4- 6 || total
-------------------------+-------+-------++-------
Melee: Rapier            |    37 |       ||    37
       Dagger            |     9 |    68 ||    77
Throw: Tomahawk          |    42 |     7 ||    49
 Cast: Infusion          |     1 |       ||     1
       Song of Slaying   |       |     1 ||     1
  Use: Scroll            |     3 |       ||     3
Armor: Leather armour    |     8 |       ||     8
       Steam dragon scal |     1 |    23 ||    24
Dodge: Dodged            |    25 |    41 ||    66
Block: Other             |       |     1 ||     1
